 Dungeon Crawl Stone Soup version 0.29-a0-350-g7790a0e70a (webtiles) character file.

Game seed: 13478794928361579798

17658 greenreed the Basher (level 12, -18/122 HPs)
             Began as a Troll Fighter on Apr 22, 2022.
             Was a Believer of Ignis.
             Demolished by a boulder beetle (38 damage)
             ... on level 5 of the Lair of Beasts on Apr 23, 2022.
             The game lasted 00:40:47 (9784 turns).

greenreed the Basher (Troll Fighter)                Turns: 9784, Time: 00:40:48

Health: -18/122    AC: 13    Str: 37    XL:     12   Next: 20%
Magic:  12/12      EV: 10    Int:  4    God:    Ignis [**....]
Gold:   581        SH: 13    Dex:  9    Spells: 11/11 levels left

rFire   + . .      SeeInvis .   u - +2 mace (protect)
rCold   . . .      Faith    .   c - +0 kite shield
rNeg    . . .      Spirit   .   S - +0 troll leather armour
rPois   .          Reflect  .   (helmet restricted)
rElec   .          Harm     .   (no cloak)
rCorr   .          Rampage  .   (gloves unavailable)
Will    .....                   (boots unavailable)
Stlth   +.........              (no amulet)
HPRegen 1.90/turn               L - +6 ring of strength
MPRegen 0.13/turn               (no ring)

@: mighty, fiery-armoured
A: large, unfitting armour, claws 3, regeneration 1, shaggy fur 1, tough skin 1,
large bone plates 1, high MP 1, wild magic 1
a: Renounce Religion, Fiery Armour, Foxfire Swarm, Rising Flame


You were on level 5 of the Lair of Beasts.
You worshipped Ignis.
Ignis was pleased with you.
You visited 3 branches of the dungeon, and saw 17 of its levels.

You collected 581 gold pieces.

Inventory:

Hand Weapons
 a - a +0 flail
 u - a +2 mace of protection (weapon)
 D - a +2 whip of freezing
Missiles
 m - 11 large rocks (quivered)
 s - 37 poisoned darts
 F - 3 silver javelins
 H - 2 boomerangs of dispersal
Armour
 b - a +0 robe
 c - a +0 kite shield (worn)
 k - a +0 tower shield
 I - the +1 robe "Giodeev" {Str+5}
   (You found it on level 5 of the Dungeon)

   Str:       It affects your strength (+5).
 K - +2 swamp dragon scales
 N - +0 steam dragon scales
 S - a +0 troll leather armour (worn)
Jewellery
 L - a +6 ring of strength (left claw)
 R - a ring of protection from cold
 U - an amulet of magic regeneration
 V - a +6 ring of strength
Wands
 q - a wand of flame (34)
 P - a wand of iceblast (6)
 Q - a wand of digging (13)
Scrolls
 e - 3 scrolls of immolation {unknown}
 f - 3 scrolls of fear {unknown}
 h - 5 scrolls of teleportation
 o - 3 scrolls of enchant weapon
 r - 3 scrolls of enchant armour {unknown}
 w - 3 scrolls of fog
 x - 5 scrolls of silence
 y - a scroll of vulnerability {unknown}
 z - 2 scrolls of torment {unknown}
 C - a scroll of holy word {unknown}
 G - 7 scrolls of blinking
 J - 2 scrolls of noise {unknown}
 O - a scroll of summoning {unknown}
 T - 2 scrolls of identify
Potions
 i - 2 potions of ambrosia {unknown}
 j - 2 potions of invisibility {unknown}
 p - a potion of haste
 t - a potion of lignification {unknown}
 v - 2 potions of brilliance
 A - 3 potions of attraction
 B - 2 potions of degeneration {unknown}
 E - 3 potions of flight
 M - a potion of magic {unknown}


   Skills:
 * Level 8.4 Fighting
 * Level 12.8 Maces & Flails
 + Level 0.7 Throwing
 + Level 1.6 Armour
 + Level 6.7 Dodging
 + Level 1.1 Stealth
 + Level 7.2 Shields


You had 11 spell levels left.
You didn't know any spells.
Your spell library contained the following spells:

 Spells                   Type           Power      Damage    Failure   Level
 Sting                    Tmut/Pois      0%         1d3       85%         1
 Corpse Rot               Necr/Air       0%         N/A       93%         2
 Poisonous Vapours        Pois/Air       0%         N/A       93%         2
 Ignite Poison            Fire/Tmut/Pois 0%         N/A       99%         3
 Mephitic Cloud           Conj/Pois/Air  0%         N/A       99%         3
 Olgreb's Toxic Radiance  Pois           0%         N/A       100%        4
 Alistair's Intoxication  Tmut/Pois      0%         N/A       100%        5
 Borgnjor's Vile Clutch   Necr/Erth      0%         N/A       100%        5
 Fireball                 Conj/Fire      0%         3d3       100%        5
 Freezing Cloud           Conj/Ice/Air   0%         6-21      100%        5
 Eringya's Noxious Bog    Tmut/Pois      0%         N/A       100%        6
 Starburst                Conj/Fire      0%         6d3       100%        6
 Ignition                 Fire           0%         3d3       100%        8


Dungeon Overview and Level Annotations

Branches:
Dungeon (11/15)            Temple (1/1) D:4            Lair (5/6) D:11
  Snake (0/4) Lair:2
  Swamp: Lair:2-4    Shoals: Lair:2-4     Slime: Lair:5-6       Orc: D:9-12

Altars:
Ashenzari
Cheibriados
Dithmenos
Elyvilon
Fedhas
Gozag
Hepliaklqana
Kikubaaqudgha
Makhleb
Nemelex Xobeh
Okawaru
Qazlal
Ru
Sif Muna
Trog
Uskayaw
Vehumet
Wu Jian
Xom
Yredelemnul
Zin
The Shining One
Ignis

Shops:
D:4 *

Annotations:
D:3 2 transporters, zeratav's ghost, amateur OpCj


Innate Abilities, Weirdness & Mutations

You are too large for most types of armour.
You have claws for hands.
Your natural rate of healing is unusually fast.
You are covered in fur. (AC +1)
You have tough skin. (AC +1)
You are partially covered in large bone plates. (SH +4)
You have an increased reservoir of magic. (+10% MP)
Your spells are a little harder to cast, but a little more powerful.


Message History

The yak is burned by your cloak of flames.
The yak is almost dead.
The yak gores you.
* * * LOW HITPOINT WARNING * * *
You block the yak's attack. The yak gores you but does no damage.
The yak is burned by your cloak of flames.
The yak is heavily wounded.
You feel better. The yak gores you but does no damage.
The yak is burned by your cloak of flames.
You kill the yak!
You block the yak's attack. x2; The yak gores you but does no damage.
The yak is burned by your cloak of flames.
The yak is severely wounded.
As you read the scroll of teleportation, it crumbles to dust.
You feel strangely unstable. The yak gores you.
* * * LOW HITPOINT WARNING * * *
The yak is burned by your cloak of flames.
The yak is severely wounded.
The yak closely misses you. The yak gores you but does no damage.
The yak is burned by your cloak of flames.
The yak is moderately wounded.
You thump the yak!
The yak is heavily wounded.
The boulder beetle curls into a ball and begins rolling!
You block the yak's attack. x2; The yak gores you.
* * * LOW HITPOINT WARNING * * *
The yak is burned by your cloak of flames.
The yak is heavily wounded.
You closely miss the yak.
The yak is heavily wounded.
You closely miss the yak.
The yak is heavily wounded.
Your surroundings suddenly seem different.
A boulder beetle comes into view.
Found a stone staircase leading up.
The boulder beetle curls into a ball and begins rolling!
As you read the scroll of magic mapping, it crumbles to dust.
You feel aware of your surroundings.
You drop a scroll of blinking.
The boulder beetle hits you!!!
You die...

********* **#** **,*,,,*,**
**#.#,* *,,,,,,,,,*
*##....,**
***,,,,,,***###......,,**
***,+,,,,,,,,*#........,,,*
**,*,,,,,,,,*,*#@.......,,**
,*,,,,,,,,,,,,#.B.......,,**
,,,,,,,,,,,,,..°.......<,,,*
>,***,,,,,,...°###......,,,*
*,* *,,,,...#.#* *#.###.,,**
*** *,,,,..,..* *##*,,,,* *
**,,*+,##,* **,,** **
**,,,,,**** ***,,** ,*
*,,,,,,,,*** *,,,,,*


You could see a boulder beetle (rolling).

Vanquished Creatures
  Erica (D:8)
  2 two-headed ogres
  A tengu warrior (D:11)
  Pikel (D:4)
  Joseph (D:8)
  6 elephants
  Maggie (D:6)
  An unseen horror (D:11)
  A komodo dragon (D:10)
  2 trolls
  A hornet (D:10)
  Sigmund (D:5)
  A wraith (D:11)
  A steam dragon (D:8)
  29 yaks
  A basilisk (Lair:3)
  A vampire mosquito (D:11)
  2 nagas (Lair:2)
  Duvessa (D:7)
  3 water moccasins
  4 orc warriors
  3 sky beasts
  4 black bears (D:11)
  3 ogres
  An ice beast (D:5)
  13 wolves (Lair:1)
  5 centaurs
  2 phantoms
  Blork the orc (D:5)
  2 kobold brigands
  2 necrophages
  7 bullfrogs
  A gnoll sergeant (D:8)
  3 scorpions
  12 wights
  Dowan (D:7)
  5 killer bees (D:10)
  A howler monkey (D:3)
  A jelly (D:5)
  2 hounds (D:6)
  Crazy Yiuf (D:2)
  4 orc priests
  A gnoll shaman (D:5)
  Jessica (D:3)
  4 iguanas
  6 orc wizards
  5 gnolls (D:8)
  5 adders
  2 shadow imps
  4 white imps
  An ufetubus (D:6)
  2 worms
  3 dart slugs
  25 orcs
  6 endoplasms
  4 giant cockroaches
  10 goblins
  5 hobgoblins
  4 jackals (D:1)
  13 kobolds
  4 quokkas
  7 ball pythons
  9 bats
  7 frilled lizards
  7 rats
271 creatures vanquished.

Vanquished Creatures (others)
  An orc (D:5)
  9 foxfires (D:8)
  29 fungi
  31 plants
70 creatures vanquished.

Grand Total: 341 creatures vanquished

Notes
Turn   | Place    | Note
-------+----------+-------------------------------------------
     0 | D:1      | greenreed the Troll Fighter began the quest for the Orb.
     0 | D:1      | Reached XP level 1. HP: 22/22 MP: 0/0
   114 | D:1      | Found a faded altar of an unknown god.
   135 | D:1      | Reached XP level 2. HP: 29/29 MP: 1/1
   150 | D:1      | Reached skill level 2 in Maces & Flails
   152 | D:1      | Prayed at the altar of an unknown god.
   152 | D:1      | Became a worshipper of Ignis, the Dying Flame
   651 | D:1      | Reached XP level 3. HP: 35/36 MP: 2/2
  1306 | D:2      | Found a hide-covered altar of Uskayaw.
  1412 | D:2      | Found a runed translucent door.
  1413 | D:2      | Noticed Crazy Yiuf
  1439 | D:2      | Reached XP level 4. HP: 44/44 MP: 3/3
  1685 | D:2      | Gained mutation: You are partially covered in large bone
                  | plates. (SH +4) [potion of mutation]
  1685 | D:2      | Gained mutation: You have an increased reservoir of magic.
                  | (+10% MP) [potion of mutation]
  1685 | D:2      | Gained mutation: Your spells are a little harder to cast,
                  | but a little more powerful. [potion of mutation]
  1689 | D:2      | Killed Crazy Yiuf
  1690 | D:2      | Reached skill level 3 in Maces & Flails
  1791 | D:3      | Found a transporter.
  1793 | D:3      | Noticed a small abomination
  1854 | D:3      | Found a transporter.
  1885 | D:3      | Noticed zeratav's ghost (amateur OpCj)
  1893 | D:3      | Noticed a small abomination
  1915 | D:3      | Found a broken altar of Ashenzari.
  1920 | D:3      | Noticed Jessica
  1938 | D:3      | Killed Jessica
  1939 | D:3      | Reached XP level 5. HP: 44/52 MP: 4/4
  2217 | D:3      | Identified the +2 scale mail of Yredelemnul's Grace {-Tele
                  | Fly rC+ Int+2}
  2660 | D:4      | Reached skill level 4 in Maces & Flails
  2704 | D:4      | Found Yditoumn's General Store.
  2822 | D:4      | Reached XP level 6. HP: 61/61 MP: 5/5
  2839 | D:4      | Noticed a yak
  2839 | D:4      | Noticed a yak
  2839 | D:4      | Noticed a yak
  2848 | D:4      | Noticed a yak
  2849 | D:4      | Noticed a yak
  2862 | D:4      | Killed a yak
  3089 | D:4      | Reached skill level 5 in Maces & Flails
  3089 | D:4      | Reached XP level 7. HP: 40/67 MP: 6/6
  3243 | D:4      | Killed a yak
  3257 | D:4      | Killed a yak
  3258 | D:4      | Reached skill level 6 in Maces & Flails
  3263 | D:4      | Killed a yak
  3264 | D:4      | Reached XP level 8. HP: 42/79 MP: 7/7
  3381 | D:4      | Noticed Pikel
  3421 | D:4      | Killed Pikel
  3422 | D:4      | Reached skill level 7 in Maces & Flails
  3527 | D:4      | Found a staircase to the Ecumenical Temple.
  3534 | Temple   | Entered the Ecumenical Temple
  3879 | D:5      | Entered Level 5 of the Dungeon
  3994 | D:5      | Noticed Blork the orc
  4008 | D:5      | Killed Blork the orc
  4068 | D:5      | Reached skill level 8 in Maces & Flails
  4077 | D:5      | Reached skill level 5 in Fighting
  4123 | D:5      | Reached XP level 9. HP: 87/88 MP: 8/8
  4135 | D:5      | Noticed Sigmund
  4139 | D:5      | Found a white marble altar of Elyvilon.
  4146 | D:5      | Killed Sigmund
  4510 | D:5      | Identified the +1 robe "Giodeev" {Str+5}
  4739 | D:6      | Noticed Maggie
  4759 | D:6      | Killed Maggie
  4815 | D:6      | Reached skill level 9 in Maces & Flails
  5273 | D:7      | Found an opulent altar of Gozag.
  5297 | D:7      | Noticed Duvessa
  5297 | D:7      | Noticed Dowan
  5308 | D:7      | Killed Duvessa
  5310 | D:7      | Killed Dowan
  5445 | D:7      | Noticed an angel
  5446 | D:7      | Found a shimmering altar of Xom.
  5452 | D:7      | Found a glowing silver altar of Zin.
  6175 | D:8      | Noticed Erica
  6195 | D:8      | Reached XP level 10. HP: 87/98 MP: 10/10
  6200 | D:8      | Reached skill level 10 in Maces & Flails
  6257 | D:8      | Reached skill level 5 in Shields
  6265 | D:8      | Killed Erica
  6266 | D:8      | Reached skill level 5 in Dodging
  6321 | D:8      | Noticed Joseph
  6345 | D:8      | Killed Joseph
  6537 | D:8      | Found a sparkling altar of Nemelex Xobeh.
  6793 | D:8      | Identified the +1 robe of the Shore {Str+5}
  6952 | D:8      | Reached skill level 11 in Maces & Flails
  7160 | D:9      | Noticed a two-headed ogre
  7212 | D:8      | Reached XP level 11. HP: 47/107 MP: 11/11
  7513 | D:9      | Noticed a two-headed ogre
  7530 | D:9      | Killed a two-headed ogre
  7866 | D:10     | Entered Level 10 of the Dungeon
  8212 | D:10     | Reached skill level 12 in Maces & Flails
  8349 | D:10     | Reached skill level 1 in Stealth
  8637 | D:10     | Found a shimmering blue altar of Sif Muna.
  8744 | D:11     | Noticed a two-headed ogre
  8769 | D:11     | Killed a two-headed ogre
  8871 | D:11     | Noticed a tengu warrior
  8892 | D:11     | Killed a tengu warrior
  9037 | D:11     | Found a staircase to the Lair.
  9239 | Lair:1   | Entered Level 1 of the Lair of Beasts
  9418 | Lair:1   | Noticed a spriggan rider
  9503 | Lair:2   | Found a staircase to the Snake Pit.
  9627 | Lair:3   | Reached XP level 12. HP: 97/120 MP: 12/12
  9748 | Lair:5   | Reached skill level 1 in Armour
  9776 | Lair:5   | Noticed a boulder beetle
  9782 | Lair:5   | Noticed a boulder beetle
  9784 | Lair:5   | Demolished by a boulder beetle

Illustrated notes

Levels and vault maps discovered:
D:1:      eino_arrival_druids_welcome, layout_loops_corners, serial_bayou,
          serial_bayou_pond_a, serial_bayou_pond_e, serial_bayou_pond_b,
          serial_bayou_lagoon_a, ebering_ecumenical_altar_mist
D:2:      minmay_spotlight, layout_rooms, basic_altar, minmay_indecisive_spiral,
          uniq_crazy_yiuf_cottage
D:3:      layout_basic, cheibrodos_ashenzari_chains,
          gammafunk_ghost_abyssal_escape, uniq_jessica
D:4:      layout_cave_pods, minmay_temple_entry_trees, serial_shops,
          nicolae_square_shop, uniq_pikel
D:5:      layout_basic, lemuel_tele_altar, st_stairs_5, uniq_blork_the_orc,
          uniq_sigmund
D:6:      layout_cave_pools, uniq_maggie
D:7:      layout_basic, grunt_temple_overflow_order_and_chaos_1,
          kennysheep_little_box, uniq_duvessa
D:8:      layout_basic, nemelex_altar_shiori, minmay_sticks_and_stones,
          uniq_erica
D:9:      layout_rooms, dreamdust_princess_corridor
D:10:     layout_loops_ring, marbit_many_paths
D:11:     layout_layer_cave, due_lair_maze_entry_diamond, david_orc_3,
          biasface_ghost_orc_armoury, serial_bayou_pond_d, grunt_ministairs_4,
          minmay_diced_spiral
Temple:   eino_wide_crystal_templ
Lair:1:   layout_long_grid, gammafunk_ghost_arena, grunt_forest_large_clearings
Lair:2:   layout_chaotic_city, guppyfry_snake_entry_island,
          ebering_ghost_disaster_area, basic_altar
Lair:3:   layout_chaotic_city, beast_lair_carwin_10
Lair:4:   gammafunk_lair_enchanted_lake, layout_misc_corridors, swamp_mist_pool
Lair:5:   layout_roguey, beast_lair_carwin_6

Skill      XL: |  1  2  3  4  5  6  7  8  9 10 11 12 |
---------------+-------------------------------------+-----
Maces & Flails | 2 3 4 5 6 8 9 11 12 | 12.8
Dodging        | 3 4 5 6 |  6.7
Fighting       | 3 4 5 6 8 |  8.4
Shields        | 3 4 5 6 7 |  7.2
Stealth        | 1 |  1.1
Armour         | 1 |  1.6
Throwing       | |  0.7

Action                   |  1- 3 |  4- 6 |  7- 9 | 10-12 || total
-------------------------+-------+-------+-------+-------++-------
Melee: Flail             |   174 |       |       |       ||   174
       Mace              |     2 |   172 |   349 |   712 ||  1235
Throw: Large rock        |     3 |     1 |     5 |       ||     9
Invok: Fiery Armour      |       |       |     1 |     6 ||     7
       Foxfire Swarm     |       |       |     1 |       ||     1
  Use: Potion            |       |     2 |     4 |    13 ||    19
       Scroll            |       |     4 |     7 |     5 ||    16
 Stab: Sleeping          |     1 |       |       |     1 ||     2
Armor: Robe              |    91 |    45 |   107 |   218 ||   461
       Troll leather arm |       |       |       |   131 ||   131
Dodge: Dodged            |    97 |    36 |    79 |   289 ||   501
Block: Kite shield       |    72 |   102 |   157 |   549 ||   880

Table legend: (Time is in decaauts)
 A = Elapsed time spent in this place.
 B = Non-inter-level travel time spent in this place.
 C = Inter-level travel time spent in this place.
 D = Time resting spent in this place.
 E = Time spent auto-exploring this place.
 F = Levels seen in this place.
 G = Mean time per level.
                   A        B        C        D        E       F      G
               +--------+--------+--------+--------+--------+-----+--------+
         Total |   9922 |   9490 |    432 |    413 |   6082 |  17 |  583.6 |
       Dungeon |   9324 |   8916 |    408 |    350 |   5864 |  11 |  847.6 |
        Temple |     72 |     51 |     21 |      0 |     40 |   1 |   72.0 |
          Lair |    524 |    521 |      3 |     63 |    178 |   5 |  104.8 |
               +--------+--------+--------+--------+--------+-----+--------+

Top non-repeatable levels by time:
     D:8: 1214 daAuts
     D:4: 1205 daAuts
     D:1: 1044 daAuts
     D:3: 921 daAuts
     D:7: 915 daAuts
    D:10: 863 daAuts
     D:2: 807 daAuts
     D:5: 717 daAuts
     D:6: 572 daAuts
     D:9: 570 daAuts
    D:11: 492 daAuts
  Lair:1: 210 daAuts
  Lair:3: 153 daAuts
  Lair:2: 103 daAuts
  Temple: 72 daAuts
